 Dungeon Crawl Stone Soup version 0.23.2-1-ga50397a (webtiles) character file.

Game seed: 15231567790623958973

50 Borgoz the Cudgeler (level 3, 0/31 HPs)
             Began as a Hill Orc Gladiator on May 16, 2019.
             Succumbed to an adder's poison
             ... on level 2 of the Dungeon.
             The game lasted 00:01:19 (1122 turns).

Borgoz the Cudgeler (Hill Orc Gladiator)            Turns: 1122, Time: 00:01:19

Health: 0/31       AC:  6    Str: 15 (16) XL:     3   Next: 79%
Magic:  3/3        EV: 11    Int:  5 (8)  God:
Gold:   90         SH:  0    Dex: 10 (11) Spells: 2/2 levels left

rFire    . . .     SeeInvis .   m - +2 whip (venom)
rCold    + . .     Gourm    .   (no shield)
rNeg     . . .     Faith    .   k - +0 ring mail
rPois    .         Spirit   .   c - +0 helmet
rElec    .         Reflect  .   (no cloak)
rCorr    .         Harm     .   (no gloves)
MR       .....                  (no boots)
Stlth    ..........             (no amulet)
HPRegen  0.10/turn              (no ring)
MPRegen  0.08/turn              (no ring)

@: lethally poisoned (0 -> -2), hasted, very quick
A: clumsy 1, cold resistance 1, sense surroundings 1
a: no special abilities


You were on level 2 of the Dungeon.
You were not hungry.

You visited 1 branch of the dungeon, and saw 2 of its levels.

You collected 90 gold pieces.

Inventory:

Hand Weapons
 a - a +0 flail
 m - a +2 whip of venom (weapon)
Missiles
 d - 3 throwing nets (quivered)
Armour
 b - a +0 leather armour
 c - a +0 helmet (worn)
 k - a +0 ring mail (worn)
Jewellery
 l - an uncursed ring of ice {unknown}
Scrolls
 e - 2 scrolls of identify {unknown}
 g - a scroll of magic mapping {unknown}
 i - a scroll of enchant armour {unknown}
Potions
 n - a potion of haste
Comestibles
 f - 3 rations


   Skills:
 + Level 3.1 Fighting
 + Level 3.8 Maces & Flails
 - Level 1.7 Throwing
 + Level 1.5 Armour
 + Level 2.8 Dodging


You had 2 spell levels left.
You didn't know any spells.
Your spell library was empty.

Dungeon Overview and Level Annotations

Branches:
Dungeon (2/15)

Altars:


Innate Abilities, Weirdness & Mutations

You are clumsy. (Dex -2)
Your flesh is cold resistant. (rC+)
You passively map a small area around you.


Message History

The worm is heavily wounded.
The worm bites you!
* * * LOW HITPOINT WARNING * * *
* * * LOW HITPOINT WARNING * * *
You feel sick.
You kill the worm!
* * * LOW HITPOINT WARNING * * *
You feel sick.
It was a potion of degeneration.
There was something very wrong with that liquid.
You feel weakened.
You feel dopey.
You feel clumsy.
It was a potion of haste.
You feel yourself speed up.
It was a potion of mutation.
You feel extremely strange.
You feel a strange attunement to the structure of the dungeons.
You feel clumsy.
You feel resistant to cold.
* * * LOW HITPOINT WARNING * * *
You feel sick.
Things that are here:
a rat corpse; an adder corpse You die...

.........#.## #.#, , ,
....###.....# #.# , ,
....# #.....#
#.#....... ....
#.....## #.#..<.... ..
#......# #.#.......
######.# #.#....... ,
#.###†#....... * ,
#..##.#....... ,,
#####.##@#w...... * *
,+........'[...... *
####.#...#....... *
#.#...#.......
#.#...######## , ,
#.##..# * #.
#..####### * #.
#.>....... *
#.##.#################


There were no monsters in sight!

Vanquished Creatures
  2 adders (D:2)
  A worm (D:2)
  2 dart slugs (D:1)
  A leopard gecko (D:2)
  2 giant cockroaches
  2 goblins
  6 hobgoblins
  3 jackals (D:1)
  A kobold (D:2)
  3 rats
  2 toadstools (D:1)
25 creatures vanquished.

Vanquished Creatures (others)
  2 toadstools (D:1)
2 creatures vanquished.

Grand Total: 27 creatures vanquished

Notes
Turn   | Place    | Note
-------+----------+-------------------------------------------
     0 | D:1      | Borgoz the Hill Orc Gladiator began the quest for the Orb.
     0 | D:1      | Reached XP level 1. HP: 18/18 MP: 1/1
   390 | D:1      | Reached XP level 2. HP: 17/25 MP: 2/2
   510 | D:1      | Reached skill level 1 in Armour
   854 | D:2      | Reached XP level 3. HP: 26/30 MP: 3/3
  1112 | D:2      | HP: 1/31 [poisoned by an adder]
  1116 | D:2      | Gained mutation: You passively map a small area around you.
                  | [potion of mutation]
  1116 | D:2      | Gained mutation: You are clumsy. (Dex -2) [potion of
                  | mutation]
  1116 | D:2      | Gained mutation: Your flesh is cold resistant. (rC+)
                  | [potion of mutation]
  1122 | D:2      | Succumbed to an adder's poison

Skill      XL: |  1  2  3 |
---------------+----------+-----
Armour         | 1 |  1.5
Fighting       | 3 |  3.1
Maces & Flails | |  3.8
Throwing       | |  1.7
Dodging        | |  2.8

Action                   || total
-------------------------++-------
Melee: Flail             ||    71
       Whip              ||     5
  Use: Potion            ||     3
  Eat: Chunk             ||     1
Armor: Leather armour    ||     4
       Ring mail         ||    27
Dodge: Dodged            ||    61
